TOP OF THE 1ST |
---|
Illinois Fighting Illini batting - Pitching for Oklahoma Sooners : RHP Jason Johnson | Pitching: RHP Jason Johnson | | Batting: LHB José Rodríguez | 0-0: Called Strike 0-1: Ground out 4-3 (Groundball, 4) | Batting: LHB Jesse Bowen | 0-0: Swinging Strike 0-1: Ball 1-1: Ball 2-1: Ball 3-1: Foul Ball, location: 2F 3-2: SINGLE (Line Drive, 8RS) | Batting: LHB Dave Cannon | 0-0: Ball 1-0: Ball 2-0: Fielders Choice at 2nd, 6-4 (Groundball, 6) | Batting: RHB Robert Lancaster | 0-0: Ball Dave Cannon steals 2nd base 1-0: Foul Ball, location: 2F 1-1: Fly out, F8 (Flyball, 8RD) | Top of the 1st over - 0 runs, 1 hit, 0 errors, 1 left on base; Illinois 0 - Oklahoma 0 | BOTTOM OF THE 1ST |
---|
Oklahoma Sooners batting - Pitching for Illinois Fighting Illini : LHP Paul Judge | Pitching: LHP Paul Judge | | Batting: RHB Matt Snow | 0-0: Called Strike 0-1: Ball 1-1: Swinging Strike 1-2: Foul Ball, location: 2F 1-2: Strikes out swinging | Batting: RHB Joe Daybell | 0-0: Ball 1-0: Fly out, F8 (Flyball, 8RXD) | Batting: LHB Mark Watson | 0-0: Foul Ball, location: 2F 0-1: Fly out, F7 (Flyball, 7LMF) | Bottom of the 1st over - 0 runs, 0 hits, 0 errors, 0 left on base; Illinois 0 - Oklahoma 0 | TOP OF THE 2ND |
---|
Illinois Fighting Illini batting - Pitching for Oklahoma Sooners : RHP Jason Johnson | Batting: RHB Weldon Lott | 0-0: Swinging Strike 0-1: SOLO HOME RUN (Flyball, 7LD), Distance : 313 ft | Batting: RHB Jim Bell | 0-0: Called Strike 0-1: Ball 1-1: Foul Ball, location: 2F 1-2: Strikes out swinging | Batting: RHB Neil Smith | 0-0: Ball 1-0: Called Strike 1-1: Called Strike 1-2: Ball 2-2: Strikes out swinging | Batting: SHB Stanley Ryan | 0-0: Ball 1-0: Ball 2-0: Called Strike 2-1: Ground out 5-3 (Groundball, 56) | Top of the 2nd over - 1 run, 1 hit, 0 errors, 0 left on base; Illinois 1 - Oklahoma 0 | BOTTOM OF THE 2ND |
---|
Oklahoma Sooners batting - Pitching for Illinois Fighting Illini : LHP Paul Judge | Batting: RHB Bryant Caldwell | 0-0: SINGLE (Groundball, 4D) | Batting: LHB Mark Smith | 0-0: Ball 1-0: Ball Wild Pitch! Bryant Caldwell to second 2-0: Ball 3-0: Base on Balls | Batting: RHB Joe Hughes | 0-0: Ball 1-0: Called Strike 1-1: Reached on error, E5 (Groundball, 5) Bryant Caldwell to third Mark Smith to second | Batting: RHB Irving MacIntyre | 0-0: Called Strike Balk! Bryant Caldwell scores Mark Smith to third Joe Hughes to second 0-1: Swinging Strike 0-2: Strikes out swinging | Batting: RHB Michael Ray | 0-0: Ball 1-0: Ball 2-0: Foul Ball, location: 2F 2-1: Ball 3-1: Base on Balls | Batting: LHB Pancho Sardiña | 0-0: Foul Ball, location: 2F 0-1: Ball 1-1: Ground out 3-1 (Groundball, 34S) Mark Smith scores Joe Hughes to third Michael Ray to second | Batting: RHB Matt Snow | 0-0: Ball 1-0: Foul Ball, location: 2F 1-1: Ball 2-1: Ball 3-1: Called Strike 3-2: Base on Balls | Batting: RHB Joe Daybell | 0-0: Swinging Strike 0-1: Fly out, F8 (Line Drive, 89D) | Bottom of the 2nd over - 2 runs, 1 hit, 1 error, 3 left on base; Illinois 1 - Oklahoma 2 | TOP OF THE 3RD |
---|
Illinois Fighting Illini batting - Pitching for Oklahoma Sooners : RHP Jason Johnson | Batting: RHB Rod Damerell | 0-0: Called Strike 0-1: Ball 1-1: Ball 2-1: Called Strike 2-2: Ball 3-2: Base on Balls | Batting: LHB José Rodríguez | 0-0: Foul Ball, location: 2F 0-1: SINGLE (Line Drive, 34) Rod Damerell to second | Batting: LHB Jesse Bowen | 0-0: Called Strike 0-1: Swinging Strike 0-2: SINGLE (Line Drive, 7LM) Rod Damerell to third José Rodríguez to second Runner from 3rd tries for Home, SAFE, throw made home | Batting: LHB Dave Cannon | 0-0: Ball 1-0: SINGLE (Groundball, 4MD) José Rodríguez to third Jesse Bowen to second Runner from 3rd tries for Home, SAFE, no throw | Batting: RHB Robert Lancaster | 0-0: Ball 1-0: Ball 2-0: Foul Ball, location: 2F 2-1: Fly out, F8 (Flyball, 8RD) | Batting: RHB Weldon Lott | 0-0: Ball 1-0: Ball 2-0: Foul Ball, location: 2F 2-1: SINGLE (Line Drive, 8RS) Jesse Bowen to third Dave Cannon to second Runner from 3rd tries for Home, throw and OUT! | Batting: RHB Jim Bell | 0-0: Called Strike 0-1: Ball 1-1: Called Strike 1-2: Ball 2-2: Ball 3-2: Base on Balls Dave Cannon to third Weldon Lott to second | Batting: RHB Neil Smith | 0-0: Called Strike 0-1: Called Strike 0-2: Ball 1-2: Strikes out swinging | Top of the 3rd over - 2 runs, 4 hits, 0 errors, 3 left on base; Illinois 3 - Oklahoma 2 | BOTTOM OF THE 3RD |
---|
Oklahoma Sooners batting - Pitching for Illinois Fighting Illini : LHP Paul Judge | Batting: LHB Mark Watson | 0-0: Called Strike 0-1: Foul Ball, location: 2F 0-2: Ball 1-2: Strikes out looking | Batting: RHB Bryant Caldwell | 0-0: Ball 1-0: SINGLE (Line Drive, 8RS) | Batting: LHB Mark Smith | 0-0: Ball 1-0: Ball 2-0: SINGLE (Line Drive, 78S) Bryant Caldwell to second | Batting: RHB Joe Hughes | 0-0: Called Strike 0-1: Ball 1-1: Swinging Strike 1-2: Strikes out swinging | Batting: RHB Irving MacIntyre | 0-0: Ball 1-0: Swinging Strike 1-1: Ground out 4-3 (Groundball, 4S) | Bottom of the 3rd over - 0 runs, 2 hits, 0 errors, 2 left on base; Illinois 3 - Oklahoma 2 | TOP OF THE 4TH |
---|
Illinois Fighting Illini batting - Pitching for Oklahoma Sooners : RHP Jason Johnson | Batting: SHB Stanley Ryan | 0-0: Ball 1-0: Ball 2-0: Called Strike 2-1: Ball 3-1: Swinging Strike 3-2: Strikes out swinging | Batting: RHB Rod Damerell | 0-0: Ball 1-0: Ground out 5-3 (Groundball, 5L) | Batting: LHB José Rodríguez | 0-0: Called Strike 0-1: Ground out 6-3 (Groundball, 6) | Top of the 4th over - 0 runs, 0 hits, 0 errors, 0 left on base; Illinois 3 - Oklahoma 2 | BOTTOM OF THE 4TH |
---|
Oklahoma Sooners batting - Pitching for Illinois Fighting Illini : LHP Paul Judge | Batting: RHB Michael Ray | 0-0: Foul Ball, location: 2F 0-1: Fly out, F7 (Flyball, 7S) | Batting: LHB Pancho Sardiña | 0-0: Ball 1-0: Ball 2-0: Ball 3-0: Called Strike 3-1: Foul Ball, location: 2F 3-2: Foul Ball, location: 2F 3-2: Base on Balls | Batting: RHB Matt Snow | 0-0: Ball 1-0: SINGLE (Flyball, 9LS) Pancho Sardiña to second Runner from 2nd tries for 3rd, OUT! | Batting: RHB Joe Daybell | 0-0: Ball 1-0: Ball 2-0: Fly out, F8 (Flyball, 8RD) | Bottom of the 4th over - 0 runs, 1 hit, 0 errors, 1 left on base; Illinois 3 - Oklahoma 2 | TOP OF THE 5TH |
---|
Illinois Fighting Illini batting - Pitching for Oklahoma Sooners : RHP Jason Johnson | Batting: LHB Jesse Bowen | 0-0: Called Strike 0-1: Swinging Strike 0-2: Strikes out swinging | Batting: LHB Dave Cannon | 0-0: Ball 1-0: Ball 2-0: DOUBLE (Flyball, 8LXD) | Batting: RHB Robert Lancaster | 0-0: Called Strike 0-1: Ball 1-1: Swinging Strike 1-2: Ground out U3 (Groundball, 34) Dave Cannon to third | Pitching: RHP Dave Martínez | | Batting: RHB Weldon Lott | 0-0: Foul Ball, location: 2F 0-1: Ball 1-1: Foul Ball, location: 2F 1-2: Ball 2-2: Strikes out swinging | Top of the 5th over - 0 runs, 1 hit, 0 errors, 1 left on base; Illinois 3 - Oklahoma 2 | BOTTOM OF THE 5TH |
---|
Oklahoma Sooners batting - Pitching for Illinois Fighting Illini : LHP Paul Judge | Batting: LHB Mark Watson | 0-0: Ball 1-0: Called Strike 1-1: Foul Ball, location: 2F 1-2: Foul Ball, location: 2F 1-2: Ball 2-2: Ball 3-2: Foul Ball, location: 2F 3-2: Fly out, F8 (Flyball, 8RD) | Batting: RHB Bryant Caldwell | 0-0: Ball 1-0: Foul Ball, location: 2F 1-1: Called Strike 1-2: SINGLE (Line Drive, 8RS) | Batting: LHB Mark Smith | 0-0: Called Strike 0-1: Foul Ball, location: 2F 0-2: Strikes out swinging | Pitching: LHP Chris Moore | | Batting: RHB Joe Hughes | 0-0: Ball 1-0: Called Strike 1-1: Ball 2-1: SINGLE (Line Drive, 4MD) Bryant Caldwell to second | Batting: RHB Irving MacIntyre | 0-0: Called Strike 0-1: SINGLE (Flyball, 89S) Bryant Caldwell to third Joe Hughes to second Runner from 3rd tries for Home, SAFE, throw made home | Batting: RHB Michael Ray | 0-0: Called Strike 0-1: Ball 1-1: Foul Ball, location: 2F 1-2: Ball 2-2: Ball 3-2: Fly out, F3 (Popup, 23F) | Bottom of the 5th over - 1 run, 3 hits, 0 errors, 2 left on base; Illinois 3 - Oklahoma 3 | TOP OF THE 6TH |
---|
Illinois Fighting Illini batting - Pitching for Oklahoma Sooners : RHP Dave Martínez | Batting: RHB Jim Bell | 0-0: Ball 1-0: Foul Ball, location: 2F 1-1: Ball 2-1: Swinging Strike 2-2: SOLO HOME RUN (Flyball, 7LD), Distance : 329 ft | Batting: RHB Neil Smith | 0-0: Ball 1-0: Ball 2-0: Called Strike 2-1: Ball 3-1: Foul Ball, location: 2F 3-2: Base on Balls | Batting: SHB Stanley Ryan | 0-0: Ball 1-0: Ball 2-0: Ball 3-0: Called Strike 3-1: Swinging Strike 3-2: Base on Balls Neil Smith to second | Batting: RHB Rod Damerell | 0-0: Ball 1-0: Called Strike 1-1: Foul Ball, location: 2F 1-2: Ball 2-2: Foul Ball, location: 2F 2-2: Strikes out swinging | Batting: LHB José Rodríguez | 0-0: SINGLE (Groundball, 6MD) Neil Smith to third Stanley Ryan to second | Batting: LHB Jesse Bowen | 0-0: Foul Ball, location: 2F 0-1: Called Strike 0-2: Ball Wild Pitch! Neil Smith scores Stanley Ryan to third José Rodríguez to second 1-2: Fly out, F8 (Flyball, 8RS) Runner from 3rd tags up, SCORES, no throw | Pitching: RHP Rafael Anariba | | Batting: LHB Dave Cannon | 0-0: Called Strike 0-1: Ball 1-1: Ground out 4-3 (Groundball, 4) | Top of the 6th over - 3 runs, 2 hits, 0 errors, 1 left on base; Illinois 6 - Oklahoma 3 | BOTTOM OF THE 6TH |
---|
Oklahoma Sooners batting - Pitching for Illinois Fighting Illini : LHP Chris Moore | Batting: LHB Pancho Sardiña | 0-0: SINGLE (Line Drive, 34D) | Batting: RHB Matt Snow | 0-0: Ball 1-0: Fly out, F7 (Flyball, 7) | Batting: RHB Joe Daybell | 0-0: Called Strike 0-1: Ball 1-1: Swinging Strike 1-2: Strikes out swinging | Batting: LHB Mark Watson | 0-0: Ball 1-0: Ball 2-0: Called Strike 2-1: Called Strike 2-2: SINGLE (Groundball, 4MD) Pancho Sardiña to second Runner from 2nd tries for 3rd, OUT! | Bottom of the 6th over - 0 runs, 2 hits, 0 errors, 1 left on base; Illinois 6 - Oklahoma 3 | TOP OF THE 7TH |
---|
Illinois Fighting Illini batting - Pitching for Oklahoma Sooners : RHP Rafael Anariba | Batting: RHB Robert Lancaster | 0-0: Ball 1-0: Called Strike 1-1: Ball 2-1: Foul Ball, location: 2F 2-2: Strikes out swinging | Batting: RHB Weldon Lott | 0-0: Foul Ball, location: 2F 0-1: Ball 1-1: Fly out, F9 (Flyball, 9D) | Batting: RHB Jim Bell | 0-0: Ball 1-0: Foul Ball, location: 2F 1-1: Called Strike 1-2: Ball 2-2: Strikes out looking | Top of the 7th over - 0 runs, 0 hits, 0 errors, 0 left on base; Illinois 6 - Oklahoma 3 | BOTTOM OF THE 7TH |
---|
Oklahoma Sooners batting - Pitching for Illinois Fighting Illini : LHP Chris Moore | Batting: RHB Bryant Caldwell | 0-0: Foul Ball, location: 2F 0-1: Ball 1-1: Ball 2-1: Swinging Strike 2-2: Foul Ball, location: 2F 2-2: Fly out, F7 (Line Drive, 78D) | Batting: LHB Mark Smith | 0-0: Called Strike 0-1: Ball 1-1: Called Strike 1-2: Foul Ball, location: 2F 1-2: Ball 2-2: Ball 3-2: Foul Ball, location: 2F 3-2: Base on Balls | Batting: RHB Joe Hughes | 0-0: Called Strike 0-1: Ball 1-1: Swinging Strike 1-2: Hit by Pitch Mark Smith to second | Batting: RHB Irving MacIntyre | 0-0: Fly out, F6 (Line Drive, 6) Lined into DP, 6-4 (Line Drive, 6) | Bottom of the 7th over - 0 runs, 0 hits, 0 errors, 1 left on base; Illinois 6 - Oklahoma 3 | TOP OF THE 8TH |
---|
Illinois Fighting Illini batting - Pitching for Oklahoma Sooners : RHP Rafael Anariba | Batting: RHB Neil Smith | 0-0: Called Strike 0-1: Swinging Strike 0-2: Ball 1-2: Fly out, F8 (Flyball, 8LM) | Batting: SHB Stanley Ryan | 0-0: Called Strike 0-1: Ball 1-1: SINGLE (Flyball, 8LM) | Batting: RHB Rod Damerell | 0-0: Ball 1-0: Ball 2-0: Foul Ball, location: 2F 2-1: Fly out, F8 (Line Drive, 8LD) | Batting: LHB José Rodríguez | 0-0: Called Strike 0-1: Ball 1-1: Ball 2-1: Foul Ball, location: 2F 2-2: Ball 3-2: Strikes out looking | Top of the 8th over - 0 runs, 1 hit, 0 errors, 1 left on base; Illinois 6 - Oklahoma 3 | BOTTOM OF THE 8TH |
---|
Oklahoma Sooners batting - Pitching for Illinois Fighting Illini : LHP Chris Moore | Batting: RHB Michael Ray | 0-0: Bunt for hit - play at first, batter OUT! 2-3 | Batting: LHB Pancho Sardiña | 0-0: Ball 1-0: Ball 2-0: Ball 3-0: Called Strike 3-1: Called Strike 3-2: Base on Balls | Batting: RHB Matt Snow | 0-0: Ball 1-0: Fly out, F7 (Flyball, 78M) | Batting: RHB Joe Daybell | 0-0: Ball 1-0: Called Strike 1-1: Ball 2-1: Ground out U3 (Groundball, 3) | Bottom of the 8th over - 0 runs, 0 hits, 0 errors, 1 left on base; Illinois 6 - Oklahoma 3 | TOP OF THE 9TH |
---|
Illinois Fighting Illini batting - Pitching for Oklahoma Sooners : RHP Rafael Anariba | Batting: LHB Jesse Bowen | 0-0: Ball 1-0: Ball 2-0: Called Strike 2-1: Ball 3-1: Base on Balls | Batting: LHB Dave Cannon | 0-0: Called Strike 0-1: SINGLE (Groundball, 4M) (infield hit) Jesse Bowen to second | Batting: RHB Robert Lancaster | 0-0: Foul Ball, location: 2F 0-1: Called Strike 0-2: TRIPLE (Flyball, 8RXD) Jesse Bowen scores Dave Cannon scores | Batting: RHB Weldon Lott | 0-0: Ball 1-0: Ball 2-0: Ball 3-0: Swinging Strike 3-1: Base on Balls | Batting: RHB Jim Bell | 0-0: Called Strike 0-1: DOUBLE (Line Drive, 8LD) Robert Lancaster scores Weldon Lott to third Runner from 3rd tries for Home, throw and OUT! Jim Bell to third | Batting: RHB Neil Smith | 0-0: Foul Ball, location: 2F 0-1: Called Strike 0-2: Foul Ball, location: 2F 0-2: Ball 1-2: SINGLE (Groundball, 56S) (infield hit) Jim Bell scores | Batting: SHB Stanley Ryan | 0-0: Foul Ball, location: 2F 0-1: Ball 1-1: Foul Ball, location: 2F 1-2: Foul Ball, location: 2F 1-2: Strikes out looking | Batting: RHB Rod Damerell | 0-0: Ball 1-0: Fly out, F8 (Flyball, 8RD) | Top of the 9th over - 4 runs, 4 hits, 0 errors, 1 left on base; Illinois 10 - Oklahoma 3 | BOTTOM OF THE 9TH |
---|
Oklahoma Sooners batting - Pitching for Illinois Fighting Illini : LHP Chris Moore | Now in LF: Steve Roberts | | Batting: LHB Mark Watson | 0-0: Ball 1-0: Swinging Strike 1-1: Called Strike 1-2: Strikes out looking | Batting: RHB Bryant Caldwell | 0-0: Ball 1-0: Ball 2-0: Called Strike 2-1: Ball 3-1: Swinging Strike 3-2: Base on Balls | Pitching: RHP Jerry Norman | | Batting: LHB Mark Smith | 0-0: Called Strike 0-1: Called Strike 0-2: Ball 1-2: Ball 2-2: Ball 3-2: Strikes out swinging | Batting: RHB Joe Hughes | 0-0: Ball 1-0: SINGLE (Flyball, 78S) Bryant Caldwell to second | Batting: RHB Irving MacIntyre | 0-0: Ball 1-0: Called Strike 1-1: Foul Ball, location: 2F 1-2: Ball 2-2: Fly out, F9 (Flyball, 9) | Bottom of the 9th over - 0 runs, 1 hit, 0 errors, 2 left on base; Illinois 10 - Oklahoma 3 | |